 Dungeon Crawl Stone Soup version 0.32-a0-131-g9dbbe29 (webtiles) character file.

Game seed: 3973447185098939900

4477 Dorkslayer the Grappler (level 10, -18/63 HPs)
             Began as an Octopode Fighter on Feb 8, 2024.
             Was a Believer of Dithmenos.
             Demolished by a two-headed ogre
             ... wielding a +0 giant club
              (37 damage)
             ... on level 7 of the Dungeon.
             The game lasted 00:34:29 (6439 turns).

Dorkslayer the Grappler (Octopode Fighter)          Turns: 6439, Time: 00:34:30

Health: -18/63     AC:  1    Str: 19    XL:     10   Next: 38%
Magic:  10/10      EV: 14    Int: 18    God:    Dithmenos [**....]
Gold:   479        SH: 12    Dex: 11    Spells: 9/9 levels left

rFire   . .          .
                       - Unarmed
rCold   . . .        a - +2 buckler
rNeg    . . .        (helmet restricted)
rPois   .            e - amulet of reflection
rElec   .            l - ring of see invisible
rCorr   .            x - +6 ring of intelligence
SInv    +            (no ring)
Will    .....        (no ring)
Stlth   +++++        (no ring)
HPRegen 0.30/turn    (no ring)
MPRegen 0.12/turn    (no ring)
                     (no ring)

%: reflection
@: wreathed by umbra, studying Fighting
A: almost no armour, amphibious, 8 rings, camouflage 1, gelatinous body 1,
(nimble swimmer 1), tentacles
a: Renounce Religion, Shadow Step


You were on level 7 of the Dungeon.
You worshipped Dithmenos.
Dithmenos was pleased with you.
You visited 2 branches of the dungeon, and saw 8 of its levels.
You also visited: Sewer and Bailey.

You collected 479 gold pieces.

Inventory:

Hand Weapons
 b - a +0 flail
Missiles
 t - 6 boomerangs
 w - a curare-tipped dart
Armour
 a - a +2 buckler (worn)
Jewellery
 e - an amulet of reflection (around mantle)
 l - a ring of see invisible (left tentacle)
 x - a +6 ring of intelligence (right tentacle)
Talismans
 d - a flux talisman
Wands
 u - a wand of polymorph (5)
 v - a wand of flame (7)
 A - a wand of light (7)
Scrolls
 g - 3 scrolls of amnesia
 i - a scroll of immolation
 m - 2 scrolls of fear
 o - 3 scrolls of enchant armour
 p - a scroll of vulnerability {unknown}
 s - a scroll of blinking
 y - 2 scrolls of teleportation
Potions
 c - a potion of curing
 f - 2 potions of brilliance
 h - 2 potions of enlightenment
 j - 2 potions of lignification
 k - a potion of mutation
 q - 2 potions of cancellation
 r - 3 potions of heal wounds


   Skills:
 * Level 4.1 Fighting
 + Level 0.7 Throwing
 + Level 5.7 Dodging
 + Level 6.1 Stealth
 + Level 5.5 Shields
 * Level 10.4 Unarmed Combat
 * Level 4.2 Evocations
 * Level 4.4 Shapeshifting


You had 9 spell levels left.
You didn't know any spells.
Your spell library contained the following spells:

 Spells                   Type           Power      Damage    Failure   Level
 Stone Arrow              Conj/Erth      0%         3d7       63%         3
 Passage of Golubria      Tloc           0%         N/A       95%         4
 Silence                  Hex/Air        0%         N/A       100%        5
 Lehudib's Crystal Spear  Conj/Erth      0%         10d2      100%        8
 Animate Armour           Summ/Erth      Unusable   N/A       N/A         4

Dungeon Overview and Level Annotations

Branches:
Dungeon (7/15)             Temple (1/1) D:4           Sewer (visited)
 Bailey (visited)

Altars:
Cheibriados
Dithmenos
Elyvilon
Gozag
Hepliaklqana
Kikubaaqudgha
Makhleb
Nemelex Xobeh
Okawaru
Qazlal
Ru
Sif Muna
Trog
Uskayaw
Vehumet
Wu Jian
Xom
Yredelemnul
Zin
The Shining One

Shops:
D:1 *   D:7 (


Innate Abilities, Weirdness & Mutations

You cannot wear most types of armour.
You are amphibious.
You can wear up to eight rings at the same time.
Your skin changes colour to match your surroundings (Stealth+).
Your rubbery body absorbs attacks. (AC +1, EV +1)
((You are camouflaged when in or above water. (Stealth+)))
You have tentacles for arms and can constrict up to eight enemies at once.


Message History

r - 3 potions of heal wounds (gained 1)
Things that are here:
a +0 dagger; an orc corpse
Found a stone staircase leading up.
You open the door.
A two-headed ogre comes into view. It is wielding two +0 giant clubs.
Found a dented emerald amulet.
There is an open door here.
The helpless two-headed ogre fails to defend itself.
You bludgeon the two-headed ogre!
The two-headed ogre is lightly wounded.
You block the two-headed ogre's attack.
The two-headed ogre hits you with a +0 giant club!!
You tentacle-slap the two-headed ogre.
The two-headed ogre is moderately wounded.
You bludgeon the two-headed ogre! You tentacle-slap the two-headed ogre!
The two-headed ogre is severely wounded.
The two-headed ogre hits you with a +0 giant club!!
* * * LOW HITPOINT WARNING * * *
You block the two-headed ogre's attack.
You bludgeon the two-headed ogre!
Your squeeze misses the two-headed ogre.
The two-headed ogre is severely wounded.
You barely miss the two-headed ogre.
The two-headed ogre is severely wounded.
The two-headed ogre misses you. You block the two-headed ogre's attack.
Okay, then.
Throw: throwing net
Press: ? - help, Q - select action, (/) - cycle Shift-Dir - straight line, f - two-headed ogre
Aim: a two-headed ogre, wielding two +0 giant clubs (severely wounded, umbra, 71% to hit)
You throw a throwing net.
The throwing net barely misses the two-headed ogre.
The two-headed ogre barely misses you. You block the two-headed ogre's attack.
You barely miss the two-headed ogre.
The two-headed ogre is severely wounded.
You tentacle-slap the two-headed ogre.
The two-headed ogre is almost dead.
The two-headed ogre hits you with a +0 giant club!!!
Ouch! That really hurt!
You die...

#.###########.#
#.............#..
###.###########.#.#
....# #.#.# #.#.#
#.#.# #.#.# #.#.#
#.#.# #.#.# ..#.#
####+#'#.### ..#.#
#.......@...# ..#.#
#.......O...# ..#.#
#.......(...# .##.#
....."..#.### .##.#
........#.# .##.#
........#.# .##.#
###.#.....# .##.#
#.###. ## ###.#


You could see a two-headed ogre.

Vanquished Creatures
  2 orc knights (Bailey)
  The ghost of rotlqkf the Cleaver, a novice FoFi (D:4)
  Joseph (D:7)
  Sigmund (D:6)
  A water moccasin (D:6)
  Duvessa (D:6)
  6 orc warriors
  A sky beast (D:6)
  An ice beast (D:5)
  2 ogres
  A phantom (D:7)
  A kobold brigand (D:6)
  A brain worm (Sewer)
  A bullfrog (D:6)
  5 scorpions
  Dowan (D:6)
  4 howler monkeys
  A jelly (D:4)
  A sleepcap (D:7)
  A bombardier beetle (D:5)
  3 hounds
  A gnoll bouda (D:5)
  6 iguanas
  2 orc wizards
  14 adders
  9 gnolls
  5 river rats
  4 shadow imps
  2 white imps
  3 ufetubi (D:4)
  4 dart slugs
  6 ribbon worms
  26 orcs
  9 bats
  5 endoplasms
  13 giant cockroaches
  7 goblins
  11 hobgoblins
  6 jackals
  16 kobolds
  5 quokkas
  10 ball pythons
  6 frilled lizards
  10 rats
217 creatures vanquished.

Notes
Turn   | Place    | Note
-------+----------+-------------------------------------------
     0 | D:1      | Dorkslayer the Octopode Fighter began the quest for the
                  | Orb.
     0 | D:1      | Reached XP level 1. HP: 16/16 MP: 1/1
   178 | D:1      | Found Zonuif's General Store.
   185 | D:1      | Reached XP level 2. HP: 19/21 MP: 2/2
   323 | D:1      | Reached XP level 3. HP: 13/26 MP: 3/3
  1040 | D:2      | Reached XP level 4. HP: 31/31 MP: 4/4
  1141 | D:2      | Reached skill level 1 in Stealth
  1309 | D:2      | Reached skill level 3 in Unarmed Combat
  1423 | D:3      | Reached XP level 5. HP: 28/36 MP: 5/5
  1428 | D:3      | Reached skill level 1 in Shapeshifting
  1545 | D:3      | Found a glowing drain.
  1553 | Sewer    | Entered a sewer
  1573 | Sewer    | Reached skill level 4 in Unarmed Combat
  1793 | Sewer    | Reached XP level 6. HP: 41/42 MP: 6/6
  2675 | D:4      | Reached skill level 5 in Unarmed Combat
  2675 | D:4      | Reached XP level 7. HP: 40/46 MP: 7/7
  3024 | D:4      | Found a staircase to the Ecumenical Temple.
  3062 | Temple   | Entered the Ecumenical Temple
  3136 | Temple   | Became a worshipper of Dithmenos the Shadowed
  3689 | D:4      | Reached skill level 6 in Unarmed Combat
  3771 | D:4      | Found a runed translucent door.
  3771 | D:4      | Found a snail-covered altar of Cheibriados.
  3786 | D:4      | Reached XP level 8. HP: 54/54 MP: 8/8
  3921 | D:4      | Noticed rotlqkf's ghost (novice FoFi)
  3966 | D:4      | Killed rotlqkf's ghost
  3967 | D:4      | Reached skill level 7 in Unarmed Combat
  3967 | D:4      | Reached skill level 1 in Evocations
  4122 | D:5      | Entered Level 5 of the Dungeon
  4262 | D:5      | Reached * piety under Dithmenos
  4618 | D:5      | Reached XP level 9. HP: 46/58 MP: 9/9
  4620 | D:5      | Reached skill level 5 in Stealth
  4838 | D:6      | Noticed Duvessa
  4847 | D:6      | Noticed Dowan
  4848 | D:6      | Killed Duvessa
  4849 | D:6      | Reached skill level 8 in Unarmed Combat
  4854 | D:6      | Reached skill level 5 in Dodging
  4857 | D:6      | Killed Dowan
  5283 | D:6      | Found an iron altar of Okawaru.
  5319 | D:6      | Reached skill level 5 in Shields
  5427 | D:6      | Found an ornate altar of the Wu Jian Council.
  5450 | D:6      | Noticed Sigmund
  5458 | D:6      | Killed Sigmund
  5560 | D:7      | Noticed Joseph
  5560 | D:7      | Found a flagged portal.
  5569 | D:7      | Killed Joseph
  5583 | Bailey   | Entered a bailey
  5630 | Bailey   | Reached skill level 9 in Unarmed Combat
  5691 | Bailey   | Reached ** piety under Dithmenos
  5867 | Bailey   | Noticed an orc knight
  5867 | Bailey   | Noticed an orc knight
  5881 | Bailey   | Reached XP level 10. HP: 63/63 MP: 10/10
  5881 | Bailey   | Killed an orc knight
  5884 | Bailey   | Killed an orc knight
  5885 | Bailey   | Reached skill level 10 in Unarmed Combat
  6091 | D:7      | Identified a scroll of acquirement
  6092 | D:7      | Acquired a manual of Fighting
  6210 | D:7      | Found Hounog's Antique Weapon Boutique.
  6429 | D:7      | Noticed a two-headed ogre
  6439 | D:7      | Demolished by a two-headed ogre

Illustrated notes

Levels and vault maps discovered:
D:1:      lemuel_arrival_hallway, layout_basic, serial_shops, shop
D:2:      layout_rooms
D:3:      layout_loops_ring, gup_sewer_entry_spiral
D:4:      kennysheep_six_static_rooms, layout_rooms, slow_altar_1,
          minmay_temple_entry_statues, ebering_ghost_sewer_d, serial_demonic,
          serial_demonic_c, serial_demonic_d, serial_demonic_a,
          serial_demonic_b, kennysheep_generic_room_11
D:5:      layout_loops_ring
D:6:      layout_basic, mainiacjoe_overflow_brackets, nzn_wu_jian_contemplation,
          uniq_sigmund, uniq_duvessa
D:7:      layout_basic, serial_shops, nicolae_shop_scrapyard, enter_bailey_2,
          uniq_pikel, uniq_joseph
Temple:   minmay_temple_bridge_d

Skill      XL: |  1  2  3  4  5  6  7  8  9 10 |
---------------+-------------------------------+-----
Stealth        | 1 2 3 4 5 6 |  6.1
Unarmed Combat | 3 4 5 6 7 9 10 | 10.4
Shapeshifting  | 1 2 3 4 |  4.4
Shields        | 4 5 |  5.5
Dodging        | 4 5 |  5.7
Evocations     | 2 3 4 |  4.2
Fighting       | 4 |  4.1
Throwing       | |  0.7

Action                     |  1- 3 |  4- 6 |  7- 9 | 10-12 || total
---------------------------+-------+-------+-------+-------++-------
  Melee: Unarmed           |    86 |   153 |   232 |    44 ||   515
         Constrict         |    26 |    42 |    57 |     9 ||   134
         Tentacles         |    19 |    31 |    71 |    11 ||   132
         Punch             |     3 |     8 |    22 |     4 ||    37
  Throw: Dart              |       |       |     3 |       ||     3
         Throwing net      |       |       |     2 |     1 ||     3
         Boomerang         |       |       |     2 |       ||     2
  Evoke: Wand              |       |       |    27 |     1 ||    28
    Use: Scroll            |     2 |     5 |     9 |     3 ||    19
         Potion            |       |     2 |     5 |       ||     7
   Stab: Sleeping          |     1 |    12 |    11 |     1 ||    25
         Distracted        |       |       |     1 |       ||     1
 Armour: Skin              |    38 |    53 |    73 |    12 ||   176
  Dodge: Dodged            |    55 |    66 |   114 |    11 ||   246
  Block: Buckler           |    22 |    64 |   120 |    24 ||   230
         Reflection        |       |       |    15 |       ||    15

Table legend: (Time is in decaauts)
 A = Elapsed time spent in this place.
 B = Non-inter-level travel time spent in this place.
 C = Inter-level travel time spent in this place.
 D = Time resting spent in this place.
 E = Time spent auto-exploring this place.
 F = Levels seen in this place.
 G = Mean time per level.
                   A        B        C        D        E       F      G
               +--------+--------+--------+--------+--------+-----+--------+
         Total |   6383 |   6383 |      0 |     47 |   3547 |  10 |  638.3 |
       Dungeon |   5397 |   5397 |      0 |     28 |   3306 |   7 |  771.0 |
        Temple |    148 |    148 |      0 |      0 |      0 |   1 |  148.0 |
         Sewer |    507 |    507 |      0 |      0 |    241 |   1 |  507.0 |
        Bailey |    330 |    330 |      0 |     19 |      0 |   1 |  330.0 |
               +--------+--------+--------+--------+--------+-----+--------+

Top non-repeatable levels by time:
     D:4: 1296 daAuts
     D:3: 829 daAuts
     D:6: 738 daAuts
     D:1: 733 daAuts
     D:5: 690 daAuts
     D:2: 594 daAuts
     D:7: 515 daAuts
   Sewer: 507 daAuts
  Bailey: 330 daAuts
  Temple: 148 daAuts
